 Dungeon Crawl Stone Soup version 0.30-a0-996-ga6910c8ee8 (webtiles) character file.

Game seed: 13332316593874789986

2697 bande the Cleaver (level 9, 0/55 HPs)
             Began as a Gargoyle Fighter on Apr 4, 2023.
             Slain by a boulder beetle (11 damage)
             ... on level 6 of the Dungeon.
             The game lasted 00:12:52 (7642 turns).

bande the Cleaver (Gargoyle Fighter)                Turns: 7642, Time: 00:12:52

Health: 0/55       AC: 24    Str: 21    XL:     9   Next: 65%
Magic:  9/9        EV: 10    Int:  8    God:
Gold:   236        SH:  9    Dex: 13    Spells: 7/8 levels left

rFire   . . .      SeeInvis +    a - +0 war axe
rCold   . . .      Faith    +    r - +0 kite shield
rNeg    + . .      Spirit   .    f - +0 plate armour
rPois   ∞          Reflect  .    b - +1 helmet
rElec   +          Rampage  .    d - +0 cloak
rCorr   .                        (no gloves)
Will    .....                    w - +0 pair of boots Stlth
                                 k - amulet of faith
HPRegen 0.29/turn                m - ring of see invisible
MPRegen 0.11/turn                v - +5 ring of evasion

@: studying Staves
A: sickness immunity, AC +6, negative energy resistance 1, electricity
resistance, torment resistance 1, petrification resistance
a: no special abilities


You were on level 6 of the Dungeon.
You visited 1 branch of the dungeon, and saw 7 of its levels.
You also visited: Sewer.

You collected 236 gold pieces.

Inventory:

Hand Weapons
 a - a +0 war axe (weapon)
 o - a +2 flail of draining
Missiles
 q - a throwing net (quivered)
Armour
 b - a +1 helmet (worn)
 d - a +0 cloak (worn)
 f - a +0 plate armour (worn)
 r - a +0 kite shield (worn)
 w - a +0 pair of boots (worn)
Jewellery
 k - an amulet of faith (around neck)
 m - a ring of see invisible (left hand)
 v - a +5 ring of evasion (right hand)
Wands
 u - a wand of iceblast (8)
Scrolls
 e - 5 scrolls of teleportation
 g - 2 scrolls of fog
 t - a scroll of blinking
 y - a scroll of identify
Potions
 c - a potion of brilliance {unknown}
 h - a potion of ambrosia {unknown}
 j - 6 potions of haste
 l - 4 potions of resistance
 n - 4 potions of curing
 p - a potion of attraction {unknown}
 s - a potion of invisibility {unknown}
 x - a potion of berserk rage {unknown}


   Skills:
 + Level 6.1 Fighting
 + Level 8.3 Axes
 + Level 6.5 Armour
 + Level 5.7 Shields
 * Level 3.0 Translocations
 * Level 2.0 Evocations


You had 7 spell levels left.
You knew the following spells:

 Your Spells              Type           Power      Damage    Failure   Level
a - Apportation           Tloc           8%         N/A       100%        1

Your spell library contained the following spells:

 Spells                   Type           Power      Damage    Failure   Level
 Necrotise                Necr           0%         1d4       100%        1
 Summon Small Mammal      Summ           0%         N/A       100%        1
 Ensorcelled Hibernation  Hex/Ice        0%         N/A       100%        2
 Passwall                 Tmut/Erth      0%         N/A       100%        2
 Wereblood                Tmut           0%         N/A       100%        2
 Call Canine Familiar     Summ           0%         N/A       100%        3
 Dazzling Flash           Conj/Hex       0%         N/A       100%        3
 Kindle Blastsparks       Fire/Tloc/Air  2%         2d10      100%        3
 Portal Projectile        Hex/Tloc       4%         N/A       100%        3
 Spider Form              Tmut/Pois      0%         N/A       100%        3
 Stone Arrow              Conj/Erth      0%         3d7       100%        3
 Swiftness                Air            0%         N/A       100%        3
 Anguish                  Hex/Necr       0%         N/A       100%        4
 Animate Armour           Summ/Erth      0%         N/A       100%        4
 Fulminant Prism          Conj/Hex       0%         3d5       100%        4
 Iskenderun's Mystic Bla  Conj/Tloc      2%         2d3       100%        4
 Leda's Liquefaction      Hex/Erth       0%         N/A       100%        4
 Lee's Rapid Deconstruct  Erth           0%         3d4*      100%        5
 Starburst                Conj/Fire      0%         6d3       100%        6
 Malign Gateway           Summ/Tloc      1%         N/A       100%        7
 Summon Hydra             Summ           0%         N/A       100%        7
 Lehudib's Crystal Spear  Conj/Erth      0%         10d2      100%        8
 Summon Horrible Things   Summ           0%         N/A       100%        8
 Sublimation of Blood     Necr           Unusable   N/A       N/A         2

Dungeon Overview and Level Annotations

Branches:
Dungeon (7/15)              Sewer (visited)
 Temple: D:4-7

Altars:
Ashenzari
Cheibriados
Hepliaklqana
Kikubaaqudgha
Qazlal
Uskayaw
The Shining One

Annotations:
D:4 Ijyb


Innate Abilities, Weirdness & Mutations

You are immune to sickness and miasma.
Your stone body is resilient. (AC +6)
You are immune to poison.
You resist negative energy. (rN+)
You are resistant to electric shocks. (rElec)
You are resistant to unholy torment.
You are immune to petrification.


Message History

The boulder beetle stops rolling and uncurls.
You barely miss the boulder beetle.
The boulder beetle is lightly wounded.
The boulder beetle bites you! The boulder beetle bites you.
* * * LOW HITPOINT WARNING * * *
You block the boulder beetle's attack.
The boulder beetle stops rolling and uncurls.
You hit the boulder beetle but do no damage. x2
The boulder beetle bites you!
* * * LOW HITPOINT WARNING * * *
The boulder beetle bites you but does no damage.
You slash the boulder beetle!
The boulder beetle is lightly wounded.
You slash the boulder beetle! The boulder beetle barely misses you.
The boulder beetle bites you but does no damage. x2
Unknown command.
You feel much better. The boulder beetle bites you. x2
* * * LOW HITPOINT WARNING * * *
You feel much better.
You block the boulder beetle's attack. x2
Unknown command.
You hit the boulder beetle but do no damage.
The boulder beetle is lightly wounded.
You hit the boulder beetle but do no damage.
The boulder beetle bites you! You block the boulder beetle's attack.
You hit the boulder beetle but do no damage.
The boulder beetle is lightly wounded.
You hit the boulder beetle but do no damage.
You block the boulder beetle's attack. The boulder beetle barely misses you.
Unknown command.
You barely miss the boulder beetle.
The boulder beetle is lightly wounded.
You barely miss the boulder beetle. You block the boulder beetle's attack.
The boulder beetle bites you but does no damage.
The boulder beetle leaps!
You hit the boulder beetle but do no damage.
The boulder beetle is lightly wounded.
The boulder beetle bites you!
* * * LOW HITPOINT WARNING * * *
The boulder beetle leaps!
The boulder beetle bites you!
You die...

.....#
#.###.##.##.........
##.###
#..##.##.##.######.#
#.# ##.##.##.##.#
#.# ##.#
#.......##.######.#
...#
#..#.#####........#
#### #..#.#
#.########
#..#)#####.#
#.B).......#
##@#.#####.# ###
#.°..#####.# ..####
##)[..°.....# .....#
##.#>#######.#
.....########.###[##
#[####
.............## ##.#
#....#
.......####...###..#
#.##.# ......##
#..#.#.#.#
#.##.##### ..##.##
#..##.##.#
#.##......


You could see a boulder beetle.

Vanquished Creatures
  An unseen horror (D:6)
  Grinder (Sewer)
  Sigmund (D:2)
  Edmund (D:4)
  A sky beast (D:7)
  2 centaurs
  2 phantoms
  2 kobold brigands (Sewer)
  A gnoll sergeant (D:5)
  2 bullfrogs (D:6)
  3 scorpions
  A wight (D:6)
  3 killer bees (D:6)
  5 hounds
  A quasit (Sewer)
  4 jellies
  Crazy Yiuf (D:4)
  4 iguanas
  Terence (D:2)
  Robin (D:2)
  11 gnolls
  8 adders
  4 river rats (D:3)
  4 shadow imps (Sewer)
  7 ufetubi
  2 worms
  2 dart slugs
  4 orcs
  8 ball pythons
  A bat zombie (Sewer)
  3 endoplasms
  12 giant cockroaches
  17 goblins
  10 hobgoblins
  3 jackals (D:1)
  6 quokkas
  2 bats
  7 frilled lizards
  19 kobolds
  A kobold zombie (Sewer)
  8 rats
177 creatures vanquished.

Vanquished Creatures (others)
  4 plants (D:7)
4 creatures vanquished.

Grand Total: 181 creatures vanquished

Notes
Turn   | Place    | Note
-------+----------+-------------------------------------------
     0 | D:1      | bande the Gargoyle Fighter began the quest for the Orb.
     0 | D:1      | Reached XP level 1. HP: 14/14 MP: 1/1
    80 | D:1      | Reached XP level 2. HP: 17/19 MP: 2/2
   241 | D:1      | Reached skill level 2 in Axes
   476 | D:1      | Reached XP level 3. HP: 23/23 MP: 3/3
   638 | D:2      | Noticed Robin
   651 | D:2      | Killed Robin
   843 | D:2      | Reached skill level 3 in Axes
   843 | D:2      | Reached XP level 4. HP: 28/29 MP: 4/4
   903 | D:2      | Noticed Sigmund
   922 | D:2      | Killed Sigmund
   923 | D:2      | Reached skill level 4 in Axes
   923 | D:2      | Reached XP level 5. HP: 8/33 MP: 5/5
   923 | D:2      | Reached XP level 6. HP: 10/38 MP: 6/6
  1303 | D:2      | Noticed Terence
  1312 | D:2      | Killed Terence
  1432 | D:2      | You fall into a shaft and drop 2 floors!
  1434 | D:4      | Found a broken altar of Ashenzari.
  1443 | D:4      | Noticed Ijyb
  1707 | D:3      | Reached skill level 5 in Axes
  1741 | D:3      | Found a hazy altar of Hepliaklqana.
  1744 | D:3      | Found a stormy altar of Qazlal.
  1745 | D:3      | Found a hide-covered altar of Uskayaw.
  1776 | D:3      | Found a glowing golden altar of the Shining One.
  1779 | D:3      | Found a snail-covered altar of Cheibriados.
  1902 | D:3      | Reached XP level 7. HP: 25/44 MP: 7/7
  1916 | D:3      | Found a glowing drain.
  1933 | Sewer    | Entered a sewer
  2112 | Sewer    | Found a burning altar of Makhleb.
  2452 | Sewer    | Noticed Grinder
  2456 | Sewer    | Paralysed by Grinder for 3 turns
  2474 | Sewer    | Killed Grinder
  2475 | Sewer    | Reached skill level 5 in Fighting
  2475 | Sewer    | Reached skill level 6 in Axes
  2475 | Sewer    | Reached skill level 5 in Armour
  2475 | Sewer    | Reached XP level 8. HP: 26/49 MP: 8/8
  3473 | D:2      | Found a faded altar of an unknown god.
  3827 | D:4      | Found an ancient bone altar of Kikubaaqudgha.
  3957 | D:4      | Learned a level 1 spell: Apportation
  4091 | D:4      | Noticed Edmund
  4113 | D:4      | Killed Edmund
  4114 | D:4      | Reached skill level 7 in Axes
  4463 | D:4      | Found a runed translucent door.
  4464 | D:4      | Noticed Crazy Yiuf
  4602 | D:4      | Killed Crazy Yiuf
  4636 | D:5      | Entered Level 5 of the Dungeon
  4727 | D:5      | Reached skill level 1 in Translocations
  5922 | D:6      | Reached XP level 9. HP: 51/55 MP: 9/9
  6607 | D:7      | Noticed an unseen horror
  6614 | D:7      | Noticed a boulder beetle
  6893 | D:7      | Noticed a troll
  6894 | D:7      | Noticed a boulder beetle
  6902 | D:6      | Reached skill level 1 in Evocations
  6907 | D:6      | Reached skill level 8 in Axes
  6909 | D:6      | Reached skill level 5 in Shields
  7360 | D:6      | Killed an unseen horror
  7611 | D:7      | Noticed a cyclops
  7642 | D:6      | Slain by a boulder beetle

Illustrated notes

Levels and vault maps discovered:
D:1:      erik_arrival_triangle_large, layout_rooms, minmay_misc_feat_chi,
          minmay_bisected
D:2:      layout_loops_cross, chequers_ecumenical_altar_island, uniq_sigmund,
          uniq_robin, uniq_terence
D:3:      layout_loops_ring, minmay_overflow_temple_star_hex,
          portal_sewer_entry_a
D:4:      layout_loops_ring, mainiacjoe_overflow_catwalk_spiral, serial_rivers,
          chequers_serial_rivers_small_b, chequers_serial_rivers_large_a,
          chequers_serial_rivers_small_3, chequers_serial_rivers_micro_d,
          uniq_crazy_yiuf_cottage, uniq_edmund, uniq_ijyb
D:5:      layout_gridville, dk_vineyard_1, chequers_serial_rivers_micro_c,
          kennysheep_generic_room_16
D:6:      layout_loops_ring
D:7:      layout_rooms, minmay_temple_entry_drinking_statues,
          minmay_the_grid_2x2 [minmay_the_grid_tiny_cups, minmay_the_grid_doors,
          minmay_the_grid_garden, minmay_the_grid_prize_four_corners_diamond_a],
          uniq_pikel

Skill      XL: |  1  2  3  4  5  6  7  8  9 |
---------------+----------------------------+-----
Axes           | 2 3 4 5 6 7 8 |  8.3
Fighting       | 4 5 6 |  6.1
Armour         | 4 5 6 |  6.5
Shields        | 4 5 |  5.7
Translocations | 2 3 |  3.0
Evocations     | 2 |  2.0

Action                     |  1- 3 |  4- 6 |  7- 9 || total
---------------------------+-------+-------+-------++-------
  Melee: War axe           |    68 |    87 |   463 ||   618
    Use: Scroll            |     3 |     3 |     5 ||    11
         Potion            |       |     1 |     4 ||     5
 Armour: Scale mail        |    25 |       |       ||    25
         Plate armour      |    49 |    88 |   487 ||   624
  Dodge: Dodged            |    23 |    30 |   212 ||   265
  Block: Buckler           |    11 |    20 |    69 ||   100
         Kite shield       |       |       |   168 ||   168

Table legend: (Time is in decaauts)
 A = Elapsed time spent in this place.
 B = Non-inter-level travel time spent in this place.
 C = Inter-level travel time spent in this place.
 D = Time resting spent in this place.
 E = Time spent auto-exploring this place.
 F = Levels seen in this place.
 G = Mean time per level.
                   A        B        C        D        E       F      G
               +--------+--------+--------+--------+--------+-----+--------+
         Total |   7838 |   7538 |    300 |   2020 |   3955 |   8 |  979.8 |
       Dungeon |   6774 |   6474 |    300 |   1421 |   3730 |   7 |  967.7 |
         Sewer |   1063 |   1063 |      0 |    599 |    225 |   1 | 1063.0 |
               +--------+--------+--------+--------+--------+-----+--------+

Top non-repeatable levels by time:
     D:6: 1772 daAuts
     D:5: 1236 daAuts
     D:2: 1225 daAuts
   Sewer: 1063 daAuts
     D:4: 1022 daAuts
     D:3: 879 daAuts
     D:1: 582 daAuts
     D:7: 57 daAuts
